 Dungeon Crawl Stone Soup version 0.26-a0-228-g29f007ebfe (webtiles) character file.

Game seed: 1031982733816465594

32 vurker the Skirmisher (level 3, -2/29 HPs)
             Began as a Human Fighter on July 7, 2020.
             Slain by an adder (4 damage)
             ... on level 2 of the Dungeon.
             The game lasted 00:01:24 (868 turns).

vurker the Skirmisher (Human Fighter)                Turns: 868, Time: 00:01:25

Health: -2/29      AC: 11    Str: 17    XL:     3   Next: 45%
Magic:  3/3        EV:  2    Int:  8    God:
Gold:   43         SH:  9    Dex: 12    Spells: 2/2 levels left

rFire    . . .     SeeInvis .   a - +0 war axe
rCold    . . .     Faith    .   c - +0 kite shield
rNeg     . . .     Spirit   .   k - +0 plate armour
rPois    .         Reflect  .   (no helmet)
rElec    .         Harm     .   (no cloak)
rCorr    .                      (no gloves)
MR       +....                  (no boots)
Stlth    ..........             (no amulet)
HPRegen  0.09/turn              b - ring of protection from magic
MPRegen  0.08/turn              (no ring)

@: mighty, lethally poisoned (-2 -> -10)
A: no striking features
a: no special abilities


You were on level 2 of the Dungeon.
You were not hungry.

You visited 1 branch of the dungeon, and saw 2 of its levels.

You collected 43 gold pieces.

Inventory:

Hand Weapons
 a - a +0 war axe (weapon)
Armour
 c - a +0 kite shield (worn)
 k - a +0 plate armour (worn)
   (You found it on level 1 of the Dungeon)
Jewellery
 b - a ring of protection from magic (left hand)
   (You found it on level 1 of the Dungeon)
Scrolls
 f - 2 scrolls of blinking {unknown}
 h - a scroll of remove curse {unknown}
 i - a scroll of amnesia {unknown}
 j - 2 scrolls of identify {unknown}
 l - a scroll of teleportation {unknown}
Potions
 g - a potion of stabbing {unknown}
Comestibles
 e - a ration


   Skills:
 + Level 3.3 Fighting
 * Level 3.0 Axes
 - Level 3.0 Armour
 + Level 3.3 Shields


You had 2 spell levels left.
You didn't know any spells.
Your spell library was empty.

Dungeon Overview and Level Annotations

Branches:
Dungeon (2/15)

Altars:


Message History

Found 5 boomerangs.
Found a stone staircase leading down.
There is a stone staircase leading up here.
Found a whip.
Found a spear.
An adder comes into view.
The adder hisses angrily.
You hit the adder but do no damage.
The adder bites you but does no damage. x2
Your shield and plate armour prevent you from hitting the adder.
The adder bites you but does no damage. The adder barely misses you.
You miss the adder. The adder bites you.
You are poisoned.
The adder poisons you! The adder bites you but does no damage.
You closely miss the adder.
You feel sick. The adder bites you. x2
Your shield and plate armour prevent you from hitting the adder.
You feel sick. You block the adder's attack. x2
Your plate armour prevents you from hitting the adder.
You feel sick. You block the adder's attack. x2
Okay, then.
You closely miss the adder.
The adder bites you but does no damage. x2
You closely miss the adder.
You feel sick. The adder bites you.
* * * LOW HITPOINT WARNING * * *
You are more poisoned.
The adder poisons you! You block the adder's attack.
Unknown command.
You feel very mighty all of a sudden. The adder barely misses you.
You miss the adder.
You feel sick.
The adder bites you but does no damage. x2
Your shield prevents you from hitting the adder.
You feel sick. You block the adder's attack.
The adder bites you but does no damage.
You miss the adder.
You feel sick. You block the adder's attack. The adder bites you.
* * * LOW HITPOINT WARNING * * *
You closely miss the adder.
You feel sick. You block the adder's attack.
Unknown command.
You slash the adder! The adder bites you.
* * * LOW HITPOINT WARNING * * *
You block the adder's attack.
You miss the adder.
You feel sick.
The adder bites you but does no damage. x2
You miss the adder.
You feel sick. The adder bites you but does no damage.
The adder barely misses you. The adder bites you.
* * * LOW HITPOINT WARNING * * *
Unknown command.
Your plate armour prevents you from hitting the adder.
The adder bites you but does no damage.
You miss the adder. The adder bites you.
* * * LOW HITPOINT WARNING * * *
You are more poisoned.
The adder poisons you! The adder bites you.
You die...

#### #### #..
..... #.#...)..
#########@S......
.....)...##.#####
######.........
##...#..##.#...
#...<...# ...##
#.......# ..#
#..........# .#
#.....#.#..# #
#.....#.#.(#


You could see an adder.

Vanquished Creatures
  2 dart slugs (D:1)
  A leopard gecko (D:1)
  A ball python (D:1)
  A giant cockroach (D:1)
  6 goblins (D:1)
  2 hobgoblins (D:1)
  5 bats (D:1)
  2 frilled lizards (D:1)
  6 kobolds (D:1)
  A rat (D:1)
27 creatures vanquished.

Notes
Turn   | Place    | Note
-------+----------+-------------------------------------------
     0 | D:1      | vurker the Human Fighter began the quest for the Orb.
     0 | D:1      | Reached XP level 1. HP: 18/18 MP: 1/1
    68 | D:1      | Reached XP level 2. HP: 24/24 MP: 2/2
   526 | D:1      | Reached XP level 3. HP: 28/29 MP: 3/3
   868 | D:2      | Slain by an adder

Illustrated notes

Levels and vault maps discovered:
D:1:      roderic_crossed_star, layout_loops_ring, minmay_strange_pillars,
          minmay_box_of_dots
D:2:      layout_basic, lemuel_round_altar, kennysheep_slug_shrine,
          first_ration, grunt_gozag_breadcrumbs, uniq_terence

Skill      XL: |  1  2  3 |
---------------+----------+-----
Axes           | 3 |  3.0
Fighting       | |  3.3
Armour         | |  3.0
Shields        | |  3.3

Action                   || total
-------------------------++-------
Melee: War axe           ||    98
  Use: Potion            ||     1
Armor: Scale mail        ||    23
       Plate armour      ||    43
Dodge: Dodged            ||    18
Block: Kite shield       ||    60

Table legend:
 A = Non-vault XP
 B = Vault XP
 C = Vault XP percentage of total XP
 D = Non-vault monster count
 E = Vault monster count
 F = Vault count percentage of total count
                 A         B        C        D         E       F
            +---------+---------+-------+---------+---------+-------
      Total |      42 |       5 |  10.6 |      24 |       3 |  11.1
            +---------+---------+-------+---------+---------+-------
        D:1 |      42 |       5 |  10.6 |      24 |       3 |  11.1
            +---------+---------+-------+---------+---------+-------
